 Dungeon Crawl Stone Soup version 0.29.0-4-gdea44cf6ec (webtiles) character file.

Game seed: 14982140492911875421

2 qw the Sneak (level 1, -5/10 HPs)
             Began as a Felid Delver on Aug 27, 2022.
             Slain by a hound (6 damage)
             ... on level 5 of the Dungeon.
             The game lasted 00:00:00 (106 turns).

qw the Sneak (Felid Delver)                          Turns: 106, Time: 00:00:01

Health: -5/10      AC:  1    Str:  8    XL:     1   Next: 25%
Magic:  2/2        EV: 17    Int: 11    God:
Gold:   15         SH:  0    Dex: 17    Spells: 0/0 levels left
                                        Lives:  0   Deaths: 0

rFire   . . .      SeeInvis +     - Unarmed
rCold   . . .      Faith    .   (shield unavailable)
rNeg    . . .      Spirit   .   (body armour unavailable)
rPois   .          Reflect  .   (helmet unavailable)
rElec   .          Harm     .   (cloak unavailable)
rCorr   .          Rampage  .   (gloves unavailable)
Will    .....                   (boots unavailable)
Stlth   +++.......              (no amulet)
HPRegen 0.03/turn               (no ring)
MPRegen 0.08/turn               (no ring)

@: quick
A: very small, claws 1, fangs 3, see invisible, speed 1, shaggy fur 1, stealthy
paws, no weapons or thrown items, no armour, multi-lived
a: no special abilities


You were on level 5 of the Dungeon.
You visited 1 branch of the dungeon, and saw 1 of its levels.

You collected 15 gold pieces.


Innate Abilities, Weirdness & Mutations

You have sharp claws.
You have razor-sharp teeth.
You have supernaturally acute eyesight. (SInv)
You cover ground quickly. (Speed+)
You are covered in fur. (AC +1)
Your paws help you pounce on unaware monsters.
You are incapable of wielding weapons or throwing items.
You cannot wear armour.
You gain extra lives every three experience levels.


   Skills:
 - Level 3.0 Fighting
 - Level 2.6 Dodging
 - Level 6.6 Stealth
 + Level 2.2 Unarmed Combat


You couldn't memorise any spells.
You didn't know any spells.
Your spell library was empty.

Inventory:

Wands
 e - a wand of digging (3)
Scrolls
 a - a scroll of fog
 b - a scroll of magic mapping
 c - a scroll of fear
 h - a scroll of amnesia {unknown}
 j - a scroll of silence {unknown}
Potions
 d - a potion of haste
 f - a potion of lignification {unknown}
 g - a potion of resistance {unknown}
 i - a potion of curing {unknown}

Dungeon Overview and Level Annotations

Branches:
Dungeon (5/15)
 Temple: D:4-7

Altars:


Message History

Found a robe.
Found a dagger.
Enter note:
j - a scroll labelled CAWAFIOSOPT
Found an escape hatch in the ceiling.
An orc comes into view. It is wielding a +0 mace.
An orc comes into view. It is wielding a +0 club.
You barely miss the orc. The orc misses you.
You closely miss the orc. You claw the orc.
The orc is heavily wounded.
The orc closely misses you.
You scratch the orc.
You kill the orc!
The orc shouts!
An orc comes into view. It is wielding a +0 flail.
An orc comes into view. It is wielding a +0 mace.
A hound comes into view.
An orc priest comes into view.
It is wielding a +0 flail of protection.
The hound barks!
The orc shouts!
You scratch the orc but do no damage.
The orc priest casts a cantrip, but nothing happens.
The orc hits you with a +0 club.
You scratch the orc but do no damage. The orc misses you.
You scratch the hound. Your bite misses the hound.
The hound is lightly wounded.
The hound misses you. The orc barely misses you.
The hound pauses to sniff the ground.
The hound misses you.
You scratch the hound.
The hound is lightly wounded.
The hound closely misses you. The orc hits you with a +0 club.
Ouch! That really hurt!
105 ||| Stepping ~*~*~tactically~*~*~ (outnumbered).
You closely miss the hound. You bite the hound.
The hound is moderately wounded.
The hound bites you. x2
Ouch! That really hurt!
You die...

#. #. .# ###
.##...#.#.# #...
......#.#.#...###
......#.#.#......
......#.#.#.....
........#.....#
........#.....########
......oh@............#
.....o.oo............##
........?..............
..............##.[...#
..............##.....#
.....................#
....<...)............##
......................#
..............##.#...##


You could see a hound, an orc priest and 3 orcs.

Vanquished Creatures
  An orc (D:5)
1 creature vanquished.

Notes
Turn   | Place    | Note
-------+----------+-------------------------------------------
     0 | D:5      | qw the Felid Delver began the quest for the Orb.
     0 | D:5      | Reached XP level 1. HP: 10/10 MP: 2/2
     0 | D:5      | 0 ||| qw: Version: 0.1-a-89-g26bdef1
     0 | D:5      | 0 ||| qw: Game counter: 4
     0 | D:5      | 0 ||| qw: Always use a shield: true
     0 | D:5      | 0 ||| qw: God list: Okawaru, Trog
     0 | D:5      | 0 ||| qw: Allow faded altars: false
     0 | D:5      | 0 ||| qw: Do Orc after D:15 true
     0 | D:5      | 0 ||| qw: Do second Lair branch before Depths: true
     0 | D:5      | 0 ||| qw: Lair rune preference: random
     0 | D:5      | 0 ||| qw: Plans: Normal
     0 | D:5      | 0 ||| PLANNING D:1-11
    96 | D:5      | Noticed a hound
    99 | D:5      | Noticed an orc priest
   105 | D:5      | 105 ||| Stepping ~*~*~tactically~*~*~ (outnumbered).
   106 | D:5      | HP: 1/10 [hound (2)]
   106 | D:5      | Slain by a hound

Levels and vault maps discovered:
D:5:      layout_gridville, serial_co_window_serial, co_window_paths_a,
          co_window_corner_a, co_window_corner_a, co_window_paths_b,
          co_window_corner_a, co_window_corner_a, co_window_paths_a,
          co_window_2corner, co_window_2corner, co_window_broadway_c,
          glass_columns_a, glass_columns_c, glass_columns_b, glass_columns_a

Action                   || total
-------------------------++-------
Melee: Unarmed           ||     8
       Punch             ||     1
       Bite              ||     1
Dodge: Dodged            ||     7

Table legend:
 A = Non-vault XP
 B = Vault XP
 C = Vault XP percentage of total XP
 D = Non-vault monster count
 E = Vault monster count
 F = Vault count percentage of total count
                 A         B        C        D         E       F
            +---------+---------+-------+---------+---------+-------
      Total |       3 |       0 |   0.0 |       1 |       0 |   0.0
            +---------+---------+-------+---------+---------+-------
        D:5 |       3 |       0 |   0.0 |       1 |       0 |   0.0
            +---------+---------+-------+---------+---------+-------
